 Dungeon Crawl Stone Soup version 0.17-a0-1596-g1e86911 (webtiles) character file.

36798 Froger523 the Severer (level 13, -8/123 HPs)
             Began as a Hill Orc Fighter on Aug 1, 2015.
             Was the Champion of Beogh.
             Mangled by Vlagh999's ghost (14 damage)
             ... on level 1 of the Swamp.
             The game lasted 02:19:08 (19043 turns).

Froger523 the Severer (Hill Orc Fighter)           Turns: 19043, Time: 02:19:13

Health: -8/123     AC: 31    Str: 24    XL:     13   Next: 92%
Magic:  0/21       EV: 10    Int:  8    God:    Beogh [******]
Gold:   747        SH: 15    Dex: 17    Spells: 0 memorised, 12 levels left

rFire  . . .     SeeInvis .     R - +6 war axe (freeze)
rCold  . . .     Clarity  .     z - +3 chain mail {MR+}
rNeg   . . .     SustAt   .     c - +0 shield
rPois  +         Gourm    .     x - +1 helmet of Subjectivity {Dex+5}
rElec  +         Spirit   +     E - +4 cloak of Greed {rElec MR+}
rCorr  .         Warding  .     j - +1 pair of gloves
rMut   .         Stasis   .     T - +1 pair of boots {run}
MR     ++...                    v - amulet of guardian spirit
Stlth  ..........               (no ring)
                                C - ring of magical power

@: about to teleport, quick, very resistant to hostile enchantments, extremely
unstealthy
A: walk on water, agile 1, low mp 1, sense surroundings 1, poison resistance,
evolution 1
a: Smiting, Recall Orcish Followers, Give Item to Named Follower, Renounce
Religion


You were on level 1 of the Swamp.
You worshipped Beogh.
Beogh was exalted by your worship.
You were not hungry.

You visited 4 branches of the dungeon, and saw 19 of its levels.
You also visited: Ossuary.

You collected 1519 gold pieces.
You spent 772 gold pieces at shops.

Inventory:

Hand weapons
 a - a +1 war axe
 m - a +0 mace
 G - a +2 great sword of protection
 H - a +0 flail of holy wrath
 Q - a +1 halberd
 R - a +6 war axe of freezing (weapon)
 S - a +0 war axe of flaming
Armour
 c - a +0 shield (worn)
 j - a +1 pair of gloves (worn)
 q - a +0 helmet
 x - the +1 helmet of Subjectivity (worn) {Dex+5}
   (You bought it in a shop on level 11 of the Dungeon)

   It affects your dexterity (+5).
 y - a +0 plate armour
 z - a +3 chain mail of magic resistance (worn)
 E - the +4 cloak of Greed (worn) {rElec MR+}
   (You found it on level 4 of the Dungeon)

   It insulates you from electricity.
   It affects your resistance to hostile enchantments.
 K - a +0 shield
 T - a +1 pair of boots of running (worn)
 U - a +0 plate armour
 Y - a +2 cloak
Jewellery
 p - an uncursed ring of ice
 r - an uncursed amulet of faith
 v - an amulet of guardian spirit (around neck)
 w - an uncursed ring of fire
 C - a ring of magical power (left hand)
 O - an uncursed amulet of resist mutation
Magical devices
 k - a wand of slowing (10)
 l - a wand of paralysis (7)
 X - a wand of lightning (6)
Scrolls
 f - 3 scrolls of teleportation
 n - 10 scrolls of remove curse
 o - 9 scrolls of identify
 s - 4 scrolls of recharging
 B - 2 scrolls of fog
 I - 2 scrolls of enchant weapon
 J - a scroll of random uselessness
 L - a scroll of enchant armour
 P - a scroll of vulnerability {unknown}
Potions
 d - a potion of might
 g - 3 potions of resistance
 h - 3 potions of degeneration
 t - a potion of invisibility {unknown}
 u - 11 potions of curing
 A - 3 potions of flight
 M - 2 potions of agility {unknown}
 N - a potion of berserk rage {unknown}
 V - a potion of cancellation
Miscellaneous
 F - a box of beasts
 W - a lamp of fire
Comestibles
 b - 2 beef jerkies
 e - 6 bread rations
 i - 2 meat rations


   Skills:
 + Level 13.8 Fighting
 + Level 16.1 Axes
 + Level 12.4 Armour
 - Level 4.1 Dodging
 - Level 1.0 Stealth
 + Level 12.4 Shields
 - Level 1.0 Invocations


You had 12 spell levels left.
You didn't know any spells.

Dungeon Overview and Level Annotations

Branches:
Dungeon (11/15)              Lair (3/8) D:11          Swamp (1/4) Lair:3
    Orc (4/4) D:11            Elf (0/3) Orc:4
 Temple: D:4-7        Snake: Lair:3-6    Spider: Lair:3-6

Altars:
Ashenzari
Cheibriados
Fedhas
Gozag
Sif Muna
Xom
Yredelemnul
Beogh

Shops:
D:11 *[   Orc:4 (*[:[

Annotations:
D:11 baronSamedi's ghost, powerful MiFi
Swamp:1 Vlagh999's ghost, mighty OgBe


Innate Abilities, Weirdness & Mutations

You can walk on water.
You are agile. (Dex +2)
Your magical capacity is low (-10% MP).
You passively map a small area around you.
Your system is resistant to poisons.
You evolve.


Message History

Unknown command.
You closely miss Vlagh999's ghost.
Unknown command.
Your shield and chain mail prevent you from hitting Vlagh999's ghost.
Vlagh999's ghost hits you!!
* * * LOW HITPOINT WARNING * * *
Your orc knight closely misses Vlagh999's ghost.
Vlagh999's ghost says, "Crushing you to a pulp will hurt a lot.
After that?
Painless!
I promise!"
You see here a swamp drake corpse.
Vlagh999's ghost hits you!!
* * * LOW HITPOINT WARNING * * *
Vlagh999's ghost hits you!!
* * * LOW HITPOINT WARNING * * *
As you read the scroll of teleportation, it crumbles to dust.
You feel strangely unstable.
Boruk roars a battlecry!
Your orc knight goes into a battle-frenzy!
Boruk hits Vlagh999's ghost with a +4 war axe!
Vlagh999's ghost hits you!
You die...

,≈...,♣≈.≈≈≈≈≈,♣..♣♣....≈....,*
,,,..♣♣≈.≈≈≈.,*♣≈§♣.≈≈≈.(..♣♣♣♣*
,,,...≈.≈≈≈≈♣♣♣♣....≈≈≈≈...$.[≈*
≈≈≈.....≈≈≈.♣≈..≈≈..≈≈≈≈...≈≈≈.*
≈≈≈≈.≈..≈≈≈.....≈≈≈.†≈≈≈≈..♣,≈,*
,≈≈≈≈*♣♣.≈≈...≈≈....≈≈.≈≈..♣****
,,,*** ♣♣.≈.≈.≈≈≈oo♣♣♣♣≈.≈..♣*
≈≈,≈* ♣.†>♣...≈W≈♣≈,≈≈≈≈≈..♣*
,,*** ♣..≈♣♣♣♣@..♣**≈.≈≈≈≈..♣ ,,*
♣♣♣♣♣....♣♣♣..♣♣ ♣♣♣.≈≈...♣
,≈**♣..≈♣≈≈.≈≈♣♣..♣* *.≈≈≈..♣
,,≈*♣..≈....≈≈♣♣$..*** *..≈≈.≈♣
.≈≈*♣♣≈≈≈≈.≈≈..♣....≈****≈,,≈≈**
..**♣≈≈≈≈...≈≈.≈≈≈≈..,,***,≈,,,**
.≈♣♣♣.≈≈≈.≈...≈.≈≈≈≈≈≈,,≈,,,≈≈≈,*
.≈≈.≈.≈≈≈..≈.≈≈.≈≈≈≈≈≈≈,*,,,≈≈≈,*
≈≈≈≈≈≈≈≈≈≈.♣♣..)≈≈≈≈≈≈,***≈,≈≈,≈*


You could see Vlagh999's ghost, a friendly orc knight (frenzied) and the
friendly Boruk the orc knight.

Vanquished Creatures
  The ghost of JEM123 the Carver, a powerful MfGl of Qazlal (Swamp:1)
  2 hydras
  A ghost crab (Swamp:1)
  4 iron golems (D:10)
  3 skeletal warriors (D:11)
  The ghost of tedric the Thaumaturge, an experienced DEFE of Vehumet (Lair:2)
  2 hill giants
  Pikel (D:4)
  An orc knight (Orc:4)
  An ugly thing (D:11)
  An orc sorcerer (Orc:3)
  An oklob plant (D:11)
  A manticore (D:11)
  4 elephants (Lair:3)
  Joseph (Lair:1)
  A molten gargoyle (Orc:1)
  2 spiny frogs (Swamp:1)
  A komodo dragon (D:10)
  A troll (D:11)
  A giant leech (Swamp:1)
  A bog body (Swamp:1)
  3 slime creatures (Swamp:1)
  A deep elf mage (D:11)
  20 yaks
  2 hungry ghosts
  8 hippogriffs
  3 wargs (D:11)
  3 vampire mosquitoes (Swamp:1)
  5 insubstantial wisps (Swamp:1)
  A water moccasin (Lair:1)
  A porcupine (Lair:1)
  A soldier ant (D:10)
  4 swamp worms
  A sky beast (D:8)
  An ice beast (D:8)
  2 swamp drakes (Swamp:1)
  9 orc warriors
  2 phantoms (D:9)
  4 slaves
  7 ogres
  3 centaurs
  3 crocodiles
  A big kobold (D:11)
  2 water moccasin zombies (Ossuary)
  3 jellies
  A wyvern skeleton (D:6)
  5 giant frogs
  A scorpion (D:10)
  5 wights (D:11)
  An electric eel (D:11)
  8 hounds
  2 giant frog zombies
  3 centaur skeletons
  17 orc wizards
  A quasit (D:7)
  3 centaur zombies
  9 orc priests
  4 crimson imps
  A giant frog skeleton (D:11)
  Terence (D:2)
  10 iguanas
  6 worker ants
  A killer bee zombie (D:7)
  4 sheep (Lair:1)
  2 mummies (Ossuary)
  5 gnolls
  Robin (D:2)
  A worker ant zombie (D:7)
  11 adders
  16 river rats
  A shadow imp (D:11)
  2 adder skeletons
  3 adder zombies (Ossuary)
  3 worms
  4 giant geckos
  38 orcs
  10 giant cockroaches
  A gnoll zombie (Ossuary)
  18 goblins
  10 hobgoblins
  12 jackals
  5 quokkas
  A ball python (D:2)
  9 bats
  A giant gecko skeleton (D:4)
  A giant gecko zombie (D:5)
  2 giant newts
  5 hobgoblin zombies (Ossuary)
  A jackal zombie (D:5)
  6 kobolds
  3 kobold zombies (Ossuary)
  3 orc zombies (Ossuary)
  A quokka skeleton (D:9)
  A quokka zombie (D:6)
  6 rats
  5 fungi
  12 plants
405 creatures vanquished.

Vanquished Creatures (collateral kills)
  An orc warlord (Orc:4)
  2 hydras
  Erolcha (Orc:2)
  2 orc high priests (Orc:4)
  3 orc sorcerers (Orc:4)
  2 orc knights (Orc:4)
  2 elephants (Lair:3)
  A spiny frog (Swamp:1)
  A black mamba (Lair:2)
  A komodo dragon (Lair:1)
  9 orc warriors
  3 giant leeches (Swamp:1)
  A troll (Orc:4)
  A bog body (Swamp:1)
  A trapdoor spider (D:11)
  2 slime creatures (Swamp:1)
  11 yaks
  2 hippogriffs
  A vampire mosquito (Swamp:1)
  6 wolves (Lair:2)
  An insubstantial wisp (Swamp:1)
  A warg (Orc:2)
  A swamp worm (Swamp:1)
  A water moccasin (Lair:2)
  A porcupine (Lair:1)
  An ogre (Orc:2)
  3 crocodiles
  A giant frog (Lair:2)
  An electric eel (D:11)
  5 orc wizards
  2 hounds (Lair:2)
  2 orc priests (Orc:2)
  3 sheep (Lair:1)
  15 river rats
  9 orcs
  A bush (Lair:2)
  12 fungi
  10 plants
123 creatures vanquished.

Vanquished Creatures (others)
  An orc high priest (Orc:4)
  An orc sorcerer (Orc:4)
  10 orc warriors
  An ogre (D:6)
  9 orc wizards
  4 orc priests
  46 orcs
  A giant cockroach zombie (D:6)
  A fungus (Lair:1)
  22 plants
96 creatures vanquished.

Grand Total: 624 creatures vanquished

Notes
Turn   | Place    | Note
--------------------------------------------------------------
     0 | D:1      | Froger523 the Hill Orc Fighter began the quest for the Orb.
     0 | D:1      | Reached XP level 1. HP: 19/19 MP: 1/1
    49 | D:1      | Reached XP level 2. HP: 13/27 MP: 2/2
   422 | D:1      | Reached skill level 4 in Fighting
   565 | D:1      | Reached XP level 3. HP: 33/33 MP: 3/3
   793 | D:2      | Noticed Robin
  1230 | D:2      | Found an opulent altar of Gozag.
  1276 | D:2      | Reached skill level 1 in Dodging
  1284 | D:2      | Killed Robin
  1284 | D:2      | Reached XP level 4. HP: 35/40 MP: 4/4
  1329 | D:2      | Gained mutation: Your flesh is cold resistant. [potion of mutation]
  1329 | D:2      | Gained mutation: You evolve. [potion of mutation]
  1659 | D:2      | Noticed Terence
  1689 | D:2      | Killed Terence
  1925 | D:2      | Reached XP level 5. HP: 46/46 MP: 5/5
  2306 | D:3      | Gained mutation: Your magical capacity is low (-10% MP). [evolution]
  2361 | D:3      | Found a snail-covered altar of Cheibriados.
  2989 | D:4      | Noticed Pikel
  2989 | D:4      | Noticed a slave
  2989 | D:4      | Noticed a slave
  2989 | D:4      | Noticed a slave
  2996 | D:4      | Noticed a slave
  3001 | D:3      | Killed a slave
  3019 | D:3      | Killed a slave
  3040 | D:3      | Killed a slave
  3052 | D:3      | Reached XP level 6. HP: 12/53 MP: 2/5
  3304 | D:4      | Killed a slave
  3307 | D:4      | Killed Pikel
  3307 | D:4      | Reached skill level 5 in Fighting
  3307 | D:4      | Reached skill level 5 in Axes
  3307 | D:4      | Reached skill level 5 in Armour
  3307 | D:4      | Reached skill level 5 in Shields
  3307 | D:4      | Reached XP level 7. HP: 38/61 MP: 4/6
  3414 | D:4      | Found a basalt altar of Yredelemnul.
  3547 | D:5      | Entered Level 5 of the Dungeon
  3845 | D:4      | Got a brightly glowing cloak
  3866 | D:4      | Identified the +4 cloak of Greed {rElec MR+} (You found it on level 4 of the Dungeon)
  3963 | D:4      | Found a shattered altar of Ashenzari.
  3975 | D:4      | Noticed a hippogriff
  3993 | D:4      | Killed a hippogriff
  4037 | D:4      | Reached XP level 8. HP: 63/69 MP: 7/7
  4246 | D:5      | Reached skill level 6 in Armour
  5002 | D:6      | Found a deep blue altar of Sif Muna.
  5041 | D:6      | Found a sand-covered staircase.
  5046 | Ossuary  | Entered an ossuary
  5532 | D:6      | Lost mutation: Your flesh is cold resistant. [potion of cure mutation]
  5533 | D:6      | Reached skill level 10 in Fighting
  5533 | D:6      | Reached skill level 11 in Axes
  5533 | D:6      | Reached XP level 9. HP: 75/85 MP: 8/8
  5676 | D:6      | Found a shimmering altar of Xom.
  5710 | D:6      | Became a worshipper of Beogh the Brigand
  5854 | D:6      | Found a shimmering altar of Xom.
  5985 | D:7      | Reached XP level 10. HP: 93/93 MP: 9/9
  6275 | D:7      | Acquired Beogh's first power
  6677 | D:8      | Gained mutation: Your system is resistant to poisons. [evolution]
  6895 | D:8      | Found a blossoming altar of Fedhas.
  7549 | D:8      | Reached skill level 12 in Axes
  7852 | D:9      | Acquired Beogh's second power
  8150 | D:9      | Reached skill level 1 in Stealth
  8833 | D:10     | Entered Level 10 of the Dungeon
  9361 | D:10     | Reached XP level 11. HP: 60/101 MP: 10/10
  9755 | D:10     | Found Vuuchot's Assorted Antiques.
  9907 | D:10     | Noticed an iron golem
  9907 | D:10     | Noticed an iron golem
  9907 | D:10     | Noticed an iron golem
  9907 | D:10     | Noticed an iron golem
  9949 | D:10     | Killed an iron golem
  9966 | D:10     | Killed an iron golem
  9993 | D:10     | Killed an iron golem
  9993 | D:10     | Reached skill level 13 in Axes
 10010 | D:10     | Killed an iron golem
 10056 | D:10     | Gained mutation: You passively map a small area around you. [evolution]
 10093 | D:10     | Noticed a hill giant
 10567 | D:9      | Killed a hill giant
 10567 | D:9      | Reached skill level 1 in Invocations
 11203 | D:11     | Noticed a four-headed hydra
 11582 | D:11     | Killed a six-headed hydra
 11582 | D:11     | Reached skill level 10 in Shields
 11640 | D:11     | Reached skill level 10 in Armour
 12024 | D:11     | Found a deep blue altar of Sif Muna.
 12147 | D:11     | Noticed a hill giant
 12176 | D:11     | Killed a hill giant
 12176 | D:11     | Reached XP level 12. HP: 47/112 MP: 11/11
 12190 | D:11     | Found Zarph's Armour Shop.
 12208 | D:11     | Found a staircase to the Lair.
 12214 | D:11     | Acquired Beogh's third power
 12234 | D:11     | Bought the +1 helmet of Subjectivity {Dex+5} for 378 gold pieces
 12317 | D:11     | Noticed baronSamedi's ghost (powerful MiFi)
 12775 | D:11     | Noticed a skeletal warrior
 12775 | D:11     | Noticed a skeletal warrior
 12775 | D:11     | Noticed a skeletal warrior
 12799 | D:11     | Killed a skeletal warrior
 12799 | D:11     | Reached skill level 14 in Axes
 12825 | D:11     | Killed a skeletal warrior
 13451 | D:11     | Killed a skeletal warrior
 13710 | D:11     | Found a staircase to the Orcish Mines.
 13730 | Orc:1    | Entered Level 1 of the Orcish Mines
 13944 | Orc:1    | Found a roughly hewn altar of Beogh.
 14216 | Orc:2    | Noticed Erolcha
 14228 | Orc:2    | Killed Erolcha
 14574 | Orc:3    | Acquired Beogh's fourth power
 14786 | Orc:3    | Found a roughly hewn altar of Beogh.
 14889 | Orc:4    | Entered Level 4 of the Orcish Mines
 14894 | Orc:4    | Noticed an orc high priest
 14895 | Orc:4    | Found Iptirenk's Antique Armour Boutique.
 14897 | Orc:4    | Noticed an orc high priest
 14901 | Orc:4    | Killed an orc high priest
 15095 | Orc:4    | Noticed an orc warlord
 15099 | Orc:4    | Found Unun's Antique Weapon Boutique.
 15119 | Orc:4    | an orc high priest (ally) was killed
 15124 | Orc:4    | Found Sicve's Antique Armour Shoppe.
 15397 | Orc:4    | Gained Bogdan as an ally
 15401 | Orc:4    | Your ally Bogdan died
 15405 | Orc:4    | Killed an orc warlord
 15675 | Orc:4    | Bought a pair of embroidered boots for 162 gold pieces
 15680 | Orc:4    | Identified a +1 pair of boots of running (You bought it in a shop on level 4 of the Orcish Mines)
 15812 | Orc:4    | Found a staircase to the Elven Halls.
 15832 | Orc:4    | Found Yhiodduz's General Store.
 15875 | Orc:4    | Found Teijuic's Book Emporium.
 15877 | Orc:4    | Noticed an orc high priest
 15896 | Orc:4    | Killed an orc high priest
 15896 | Orc:4    | Reached skill level 15 in Axes
 15896 | Orc:4    | Reached XP level 13. HP: 84/122 MP: 12/12
 16617 | D:11     | Found Neestac's Assorted Antiques.
 16626 | D:11     | Bought a scroll of enchant weapon for 232 gold pieces
 16754 | Lair:1   | Entered Level 1 of the Lair of Beasts
 16827 | Lair:1   | Noticed Joseph
 16842 | Lair:1   | Acquired Beogh's fifth power
 16844 | Lair:1   | Gained Borgoth as an ally
 16847 | Lair:1   | Killed Joseph
 17101 | Lair:2   | Noticed tedric's ghost (experienced DEFE)
 17112 | Lair:2   | Killed tedric's ghost
 17502 | Lair:2   | Gained Argrim as an ally
 17524 | Lair:2   | Gained Boruk as an ally
 17815 | Lair:2   | Gained mutation: You are agile. (Dex +2) [evolution]
 18126 | Lair:3   | Found a staircase to the Swamp.
 18496 | Swamp:1  | Entered Level 1 of the Swamp
 18665 | Swamp:1  | Noticed JEM123's ghost (powerful MfGl)
 18676 | Swamp:1  | Killed JEM123's ghost
 18996 | Swamp:1  | Reached skill level 16 in Axes
 19024 | Swamp:1  | Noticed Vlagh999's ghost (mighty OgBe)
 19042 | Swamp:1  | HP: 6/123 [Vlagh999's ghost (15)]
 19043 | Swamp:1  | Mangled by Vlagh999's ghost

Vault maps used:
D:1:      minmay_arrival_plants_in_alcoves, st_stairs_4, minmay_fountain_box
D:2:      nicolae_gozag_seed_capital, first_bread, kennysheep_generic_room_2,
          uniq_robin, uniq_terence
D:3:      lemuel_crystal_altar
D:4:      yredelemnul_altar_generic, old_standard_altar, st_stairs_14, tgw_trog,
          uniq_pikel
D:6:      wad_woods_stonehenge, lemuel_crystal_altar,
          lemuel_coloured_pillars_altar, enter_ossuary_2,
          minmay_misc_feat_square
D:7:      temple_hall
D:8:      overflow_temple_1_default
D:10:     cheibrodos_stairvault_heist, serial_shops, kennysheep_little_box
D:11:     erik_lair_orcish_takeover, erik_orc_2, special_room, serial_shops,
          shop, shop, lemuel_oklob_altar
Lair:1:   infiniplex_staircase_pool_2, uniq_joseph
Lair:2:   beast_lair_carwin_large_1, eino_house_with_fridge
Lair:3:   minmay_swamp_entry_worms, nicolae_quartered_pool_medium,
          bh_autumn_forest_stairs, serial_bayou_shore_b, lemuel_fruit_fields
Swamp:1:  evilmike_swamp_ruin_house_4, swamp_pool1
Orc:1:    basic_altar, nicolae_orc_lava_tube
Orc:2:    basic_altar, uniq_erolcha
Orc:3:    basic_altar, nicolae_orc_pool_cavern, guppyfry_library_mini,
          uniq_harold
Orc:4:    grunt_orc_gardens, grunt_orc_garden, grunt_orc_garden,
          grunt_orc_garden, grunt_orc_garden, serial_shops, nicolae_shop_crystal
Ossuary:  ossuary_tomb_2

Action                   |  1- 3 |  4- 6 |  7- 9 | 10-12 | 13-15 || total
-------------------------+-------+-------+-------+-------+-------++-------
Melee: War axe           |   124 |   191 |   332 |   884 |   243 ||  1774
       Flail             |       |       |       |    73 |       ||    73
Invok: Convert to Beogh  |       |       |     1 |       |       ||     1
       Smiting           |       |       |       |     4 |       ||     4
       Recall Orcish Fol |       |       |       |       |     3 ||     3
       Give Item to Name |       |       |       |       |     1 ||     1
  Use: Scroll            |     1 |     7 |     6 |    12 |     5 ||    31
       Potion            |       |     8 |     4 |     6 |       ||    18
 Stab: Distracted        |       |       |       |     8 |     4 ||    12
       Paralysed         |       |       |       |       |     1 ||     1
  Eat: Chunk             |     1 |     4 |     1 |     6 |       ||    12
       Beef jerky        |       |     2 |     1 |       |       ||     3
       Fruit             |       |       |     1 |     2 |     2 ||     5
       Pizza             |       |       |     1 |     3 |       ||     4
       Bread ration      |       |       |     1 |       |       ||     1
       Meat ration       |       |       |       |     5 |     1 ||     6
       Royal jelly       |       |       |       |     1 |       ||     1
